 Dungeon Crawl Stone Soup version 0.20.0-8-g6b59dc7 (webtiles) character file.

872 JarielCorvus the Thaumaturge (level 7, -5/36 HPs)
             Began as a Deep Elf Conjurer on May 30, 2017.
             Slain by an ice beast (12 damage)
             ... on level 5 of the Dungeon.
             The game lasted 00:19:36 (5126 turns).

JarielCorvus the Thaumaturge (Deep Elf Conjurer)    Turns: 5126, Time: 00:19:36

Health: -5/36      AC:  2    Str:  5    XL:     7   Next: 74%
Magic:  21/22      EV: 13    Int: 22    God:
Gold:   146        SH:  0    Dex: 15    Spells: 8/25 levels left

rFire    . . .     SeeInvis .   d - +0 dagger
rCold    . . .     Gourm    .   (no shield)
rNeg     . . .     Faith    .   a - +0 robe
rPois    .         Spirit   .   (no helmet)
rElec    .         Reflect  .   (no cloak)
rCorr    .         Harm     .   (no gloves)
MR       .....     Clarity  +   (no boots)
Stlth    ++........             (no amulet)
Regen    0.2/turn               h - ring of flight
MPRegen  0.2/turn               (no ring)

@: no status effects
A: clarity, MP-powered wands
a: Evoke Flight


You were on level 5 of the Dungeon.
You were not hungry.

You visited 1 branch of the dungeon, and saw 5 of its levels.
You also visited: Ossuary.

You collected 146 gold pieces.

Inventory:

Hand Weapons
 d - a +0 dagger (weapon)
 g - a +0 short sword of venom
 j - a cursed -2 short sword
Armour
 a - a +0 robe (worn)
 k - a +1 pair of gloves of strength
Jewellery
 h - a ring of flight (left hand)
 m - a cursed ring of loudness {unknown}
Wands
 q - a wand of disintegration (18/24)
Scrolls
 o - a scroll of teleportation
 r - a scroll of random uselessness
Potions
 i - a potion of curing
Books
 b - a book of Conjurations

   Spells                             Type                      Level
   a - Magic Dart                     Conjuration                  1
   b - Searing Ray                    Conjuration                  2
   c - Dazzling Spray                 Conjuration/Hexes            3
   d - Fulminant Prism                Conjuration/Hexes            4
   e - Force Lance                    Conjuration/Translocation    4
   f - Iskenderun's Mystic Blast      Conjuration                  4
 l - a book of Minor Magic

   Spells                             Type                      Level
   a - Magic Dart                     Conjuration                  1
   b - Blink                          Translocation                2
   c - Call Imp                       Summoning                    2
   d - Slow                           Hexes                        2
   e - Conjure Flame                  Conjuration/Fire             3
   f - Mephitic Cloud                 Conjuration/Poison/Air       3
Comestibles
 c - 2 bread rations
 f - 3 royal jellies
 s - 4 fruits


   Skills:
 - Level 2.4 Dodging
 - Level 2.4 Stealth
 * Level 9.7 Spellcasting
 + Level 7.2 Conjurations


You had 8 spell levels left.
You knew the following spells:

 Your Spells              Type           Power        Failure   Level  Hunger
a - Magic Dart            Conj           ####         1%          1    None
b - Searing Ray           Conj           #####.       1%          2    None
c - Iskenderun's Mystic   Conj           #####...     3%          4    ##.....
d - Conjure Flame         Conj/Fire      ####....     4%          3    None
e - Mephitic Cloud        Conj/Pois/Air  ###.....     7%          3    None
f - Fulminant Prism       Conj/Hex       ####......   14%         4    ##.....


Dungeon Overview and Level Annotations

Branches:
Dungeon (5/15)
 Temple: D:4-7

Altars:
Okawaru

Shops:
D:4 *


Innate Abilities, Weirdness & Mutations

You possess an exceptional clarity of mind.
You expend magic power (3 MP) to strengthen your wands.


Message History

You climb upwards.
There is a stone staircase leading down here.
You start resting.
Magic restored.
You climb downwards.
The ice beast hits you. The ice beast freezes you!
The ice beast barely misses you.
There is a stone staircase leading up here.
Casting: Magic Dart
Confirm with . or Enter, or press ? or * to list all spells.
Aiming: Magic Dart
Press: ? - help, Shift-Dir - straight line, f - ice beast
Aim: an ice beast (heavily wounded)
The magic dart hits the ice beast.
The ice beast is severely wounded.
The ice beast hits you. The ice beast freezes you!
* * * LOW HITPOINT WARNING * * *
The ice beast hits you.
* * * LOW HITPOINT WARNING * * *
The ice beast freezes you!
You die...

#.### ....... ##...##
#....# ####.....#
#....####
........##########........
###.....# +.@......#
#.(...##########.#.#
##.....# #........#
######...#####.####.###
#...(.?.....@Y......#
#.################### Y..
####


You could see an ice beast.

Vanquished Creatures
  Edmund (D:5)
  2 water moccasins (D:4)
  An ice beast (D:5)
  An ogre (D:4)
  2 phantoms (D:4)
  A centaur (D:3)
  An orc wizard (D:4)
  A worker ant (D:4)
  4 adders (D:4)
  A gnoll (D:1)
  3 oozes
  An adder skeleton (D:3)
  2 worms (D:2)
  2 dart slugs
  2 leopard geckos
  8 orcs
  3 giant cockroaches
  2 gnoll zombies (Ossuary)
  7 goblins
  6 hobgoblins
  8 jackals (D:3)
  2 ball pythons (D:3)
  4 bats
  4 frilled lizards
  A hobgoblin zombie (Ossuary)
  A jackal skeleton (D:4)
  9 kobolds
  A kobold zombie (Ossuary)
  A quokka skeleton (D:4)
  7 rats
  2 fulminant prisms
91 creatures vanquished.

Vanquished Creatures (others)
  3 fulminant prisms
3 creatures vanquished.

Grand Total: 94 creatures vanquished

Notes
Turn   | Place    | Note
-------+----------+-------------------------------------------
     0 | D:1      | JarielCorvus the Deep Elf Conjurer began the quest for the Orb.
     0 | D:1      | Reached XP level 1. HP: 10/10 MP: 6/6
   142 | D:1      | Reached XP level 2. HP: 12/15 MP: 1/8
   146 | D:1      | Learned a level 2 spell: Searing Ray
   210 | D:1      | Reached skill level 4 in Spellcasting
   638 | D:2      | Reached XP level 3. HP: 19/19 MP: 8/10
  1257 | D:2      | Gained mutation: You expend magic power (3 MP) to strengthen your wands. [potion of mutation]
  1257 | D:2      | Gained mutation: You possess an exceptional clarity of mind. [potion of mutation]
  1305 | D:3      | Reached skill level 5 in Spellcasting
  1377 | D:3      | Found an iron altar of Okawaru.
  1455 | D:3      | Reached XP level 4. HP: 24/24 MP: 3/13
  1553 | D:3      | Reached skill level 5 in Conjurations
  1931 | D:3      | Noticed a centaur
  1945 | D:3      | Killed a centaur
  1945 | D:3      | Reached skill level 6 in Spellcasting
  1945 | D:3      | Reached XP level 5. HP: 12/28 MP: 6/15
  2436 | D:3      | Learned a level 4 spell: Iskenderun's Mystic Blast
  2440 | D:3      | Learned a level 3 spell: Conjure Flame
  2444 | D:3      | Learned a level 3 spell: Mephitic Cloud
  2583 | D:4      | Found a sand-covered staircase.
  2594 | Ossuary  | Entered an ossuary
  2621 | Ossuary  | Noticed Turtleman12345's ghost (amateur DEWz)
  2825 | D:4      | Noticed a phantom
  2844 | D:4      | Killed a phantom
  2844 | D:4      | Reached skill level 7 in Spellcasting
  2844 | D:4      | Reached XP level 6. HP: 9/32 MP: 2/18
  3152 | D:4      | Learned a level 4 spell: Fulminant Prism
  3726 | D:4      | Reached skill level 8 in Spellcasting
  4012 | D:4      | Found Iwadiw's Serpentskin Sales.
  4012 | D:4      | Noticed a water moccasin
  4012 | D:4      | Noticed a water moccasin
  4041 | D:4      | Killed a water moccasin
  4041 | D:4      | Reached XP level 7. HP: 10/36 MP: 11/21
  4105 | D:4      | HP: 1/36 [water moccasin (10)]
  4112 | D:4      | Reached skill level 9 in Spellcasting
  4648 | D:5      | Entered Level 5 of the Dungeon
  4756 | D:5      | Noticed Edmund
  4988 | D:5      | Killed Edmund
  5126 | D:5      | Slain by an ice beast

Skill      XL: |  1  2  3  4  5  6  7 |
---------------+----------------------+-----
Spellcasting   | 4 5 6 7 8 9 |  9.7
Conjurations   | 5 6 7 |  7.2
Dodging        | |  2.4
Stealth        | |  2.4

Action                   |  1- 3 |  4- 6 |  7- 9 || total
-------------------------+-------+-------+-------++-------
Melee: Dagger            |     7 |     8 |       ||    15
 Cast: Magic Dart        |    82 |   125 |    34 ||   241
       Searing Ray       |     2 |       |     2 ||     4
       Iskenderun's Myst |       |     2 |     6 ||     8
       Conjure Flame     |       |     3 |     3 ||     6
       Mephitic Cloud    |       |     3 |     3 ||     6
       Fulminant Prism   |       |     2 |     3 ||     5
  Use: Scroll            |     6 |     2 |     2 ||    10
       Potion            |     5 |     2 |     2 ||     9
  Eat: Bread ration      |     1 |     1 |     1 ||     3
Armor: Robe              |     2 |     5 |       ||     7
Dodge: Dodged            |     6 |    35 |     2 ||    43
